 Dungeon Crawl Stone Soup version 0.30-a0-576-g89cddaab80 (webtiles) character file.

Game seed: 3150096761811798169

43731 junb the Transmogrifier (level 14, -3/118 HPs)
             Began as an Octopode Transmuter on Dec 30, 2022.
             Was a High Priest of Dithmenos.
             Slain by a catoblepas (26 damage)
             ... on level 5 of the Lair of Beasts.
             The game lasted 01:18:40 (20779 turns).

junb the Transmogrifier (Octopode Transmuter)      Turns: 20779, Time: 01:18:41

Health: -3/118     AC:  9    Str: 12    XL:     14   Next: 25%
Magic:  17/25      EV: 16    Int: 15    God:    Dithmenos [*****.]
Gold:   787        SH:  5    Dex: 19    Spells: 17/27 levels left

rFire   x . .      SeeInvis +      - Unarmed
rCold   + + +      Faith    .    (shield currently unavailable)
rNeg    . . .      Spirit   .    (helmet currently unavailable)
rPois   +          Reflect  +    s - amulet of reflection
rElec   .          Harm     .    d - +6 ring of dexterity
rCorr   +          Rampage  .    k - ring of Loen {Will+ rCorr}
Will    ++...                    m - ring of see invisible
Stlth   +++                      (no ring)
HPRegen 0.39/turn                (no ring)
MPRegen 0.19/turn                (no ring)
                                 (no ring)
                                 (no ring)

@: mighty, ice-form, wreathed by umbra
A: freezing attack, boosted hp, almost no armour, amphibious, 8 rings, large,
(camouflage 1), (gelatinous body 1), (nimble swimmer 1), (tentacles),
(iridescent scales 1), (shaggy fur 1), weak 1
a: End Transformation, Renounce Religion, Shadow Step, Shadow Form


You were on level 5 of the Lair of Beasts.
You worshipped Dithmenos.
Dithmenos was extremely pleased with you.
You were a creature of crystalline ice.
You visited 3 branches of the dungeon, and saw 16 of its levels.

You collected 1250 gold pieces.
You spent 463 gold pieces at shops.

Inventory:

Hand Weapons
 e - the +2 short sword of Mourning (melded) {freeze, Will- Int+7}
   (You bought it in a shop on level 1 of the Dungeon)

   It freezes those it strikes, dealing additional cold damage.
   It can also slow down cold-blooded creatures.
   Int:       It affects your intelligence (+7).
   Will:      It decreases your willpower.
Armour
 i - a +0 buckler (melded)
 A - a +2 hat (melded)
Jewellery
 d - a +6 ring of dexterity (left front paw)
 k - the ring of Loen (right front paw) {Will+ rCorr}
   (You found it on level 6 of the Dungeon)

   [ring of willpower]

   rCorr:     It protects you from acid and corrosion.
   Will:      It increases your willpower.
 m - a ring of see invisible (on tentacle)
 q - the ring "Yppemon" {MP+9 Str-5 Int+6 Dex+8}
   (You found it on level 4 of the Dungeon)

   [ring of intelligence]

   Str:       It affects your strength (-5).
   Int:       It affects your intelligence (+6).
   Dex:       It affects your dexterity (+8).
   MP:        It affects your magic capacity (+9).
 s - an amulet of reflection (around neck)
Wands
 c - a wand of iceblast (2)
 g - a wand of flame (8)
 h - a wand of paralysis (5)
 u - a wand of polymorph (5)
 w - a wand of acid (3)
 C - a wand of mindburst (6)
Scrolls
 a - a scroll of enchant armour
 f - a scroll of acquirement {unknown}
 j - a scroll of silence {unknown}
 l - 3 scrolls of magic mapping
 r - a scroll of torment {unknown}
 t - a scroll of fog
 v - 5 scrolls of enchant weapon
 x - a scroll of amnesia
 y - a scroll of noise {unknown}
 B - 4 scrolls of identify
 D - 2 scrolls of blinking
 F - a scroll of vulnerability {unknown}
 G - a scroll of fear {unknown}
 J - a scroll of teleportation
Potions
 b - 5 potions of curing
 n - a potion of brilliance
 o - 2 potions of magic
 p - 3 potions of might
 z - 3 potions of degeneration
 H - a potion of resistance {unknown}
 I - a potion of cancellation {unknown}
Miscellaneous
 E - a phantom mirror


   Skills:
 * Level 10.3 Fighting
 - Level 10.1 Dodging
 - Level 1.0 Stealth
 - Level 5.1 Shields
 * Level 10.9 Unarmed Combat
 - Level 7.4 Spellcasting
 - Level 11.6 Transmutations
 - Level 7.6 Ice Magic
 - Level 3.4 Poison Magic
 - Level 4.4 Evocations


You had 17 spell levels left.
You knew the following spells:

 Your Spells              Type           Power      Damage    Failure   Level
b - Spider Form           Tmut/Pois      28%        N/A       1%          3
c - Ice Form              Ice/Tmut       34%        N/A       2%          4
d - Hailstorm             Conj/Ice       17%        3d6       8%          3

Your spell library contained the following spells:

 Spells                   Type           Power      Damage    Failure   Level
 Beastly Appendage        Tmut           80%        N/A       1%          1
 Freeze                   Ice            100%       1d10      1%          1
 Wereblood                Tmut           40%        N/A       1%          2
 Frozen Ramparts          Ice            56%        1d9       1%          3
 Blade Hands              Tmut           20%        N/A       3%          5
 Kiss of Death            Conj/Necr      20%        2d7       13%         1
 Scorch                   Fire           10%        2d6       19%         2
 Summon Ice Beast         Ice/Summ       17%        N/A       26%         4
 Confusing Touch          Hex            5%         N/A       36%         3
 Dispel Undead            Necr           5%         3d7       77%         4
 Flame Wave               Conj/Fire      5%         2d5       77%         4
 Iron Shot                Conj/Erth      2%         9d2       100%        6
 Summon Cactus Giant      Summ           2%         N/A       100%        6
 Animate Armour           Summ/Erth      Unusable   N/A       N/A         4

Dungeon Overview and Level Annotations

Branches:
Dungeon (10/15)            Temple (1/1) D:6            Lair (5/5) D:9
 Shoals (0/4) Lair:3        Snake (0/4) Lair:3        Slime (0/5) Lair:5
    Orc (0/2) D:10

Altars:
Cheibriados
Dithmenos
Elyvilon
Hepliaklqana
Makhleb
Nemelex Xobeh
Okawaru
Trog
Uskayaw
Wu Jian
Xom
The Shining One

Shops:
D:1 [(   D:2 *   D:4 !?   D:10 [

Annotations:
D:10 2 transporters, exclusion: door, Urug; kae's ghost, novice DsTm
Lair:3 Nessos


Innate Abilities, Weirdness & Mutations

You are a creature of crystalline ice.
You have a powerful freezing melee attack.
Your maximum health is increased.
Your armour is entirely melded.
You are incapable of wielding weapons or throwing items.
You cannot wear most types of armour.
You are amphibious.
You can wear up to eight rings at the same time.
((Your skin changes colour to match your surroundings (Stealth+).))
((Your rubbery body absorbs attacks. (AC +1, EV +1)))
((You are camouflaged when in or above water. (Stealth+)))
((You have tentacles for arms and can constrict up to eight enemies at once.))
((You are partially covered in iridescent scales. (AC +2)))
((You are covered in fur. (AC +1)))
You are weak. (Str -2)


Message History

You extend your transformation's duration.
The catoblepas breathes a plume of calcifying dust at you.
The blast of calcifying dust hits the plant!
The plant begins to die.
The blast of calcifying dust hits you.
The plant is engulfed in calcifying dust.
The plant is engulfed in calcifying dust.
The plant turns to stone!
The plant is engulfed in calcifying dust.
The plant is engulfed in calcifying dust.
You see here a dwarf skeleton.
Casting: Ice Form (mildly dangerous; 2% risk of failure)
Confirm with . or Enter, or press ? or * to list all spells.
You fail to extend your transformation any further.
You hit the catoblepas but do no damage.
The catoblepas gores you but does no damage.
You punch the catoblepas! You freeze the catoblepas.
The catoblepas is lightly wounded.
The catoblepas gores you!!
You punch the catoblepas! You freeze the catoblepas.
The catoblepas is moderately wounded.
Your shadow hits the catoblepas but does no damage.
You punch the catoblepas! You freeze the catoblepas.
The catoblepas is heavily wounded.
The catoblepas misses you.
You hit the catoblepas but do no damage.
The catoblepas is heavily wounded.
The catoblepas gores you!!
You hit the catoblepas. You freeze the catoblepas.
The catoblepas is heavily wounded.
The catoblepas breathes a plume of calcifying dust at you.
The blast of calcifying dust hits you. The catoblepas gores you!!
You hit the catoblepas. You freeze the catoblepas.
The catoblepas is heavily wounded.
Your shadow hits the catoblepas but does no damage.
The catoblepas gores you!!
* * * LOW HITPOINT WARNING * * *
You feel very mighty all of a sudden. The catoblepas gores you!!
You die...

#...# ##..# #..## #
#.P.# ##.# ##..## .#.#
##..### ÷..# ##...###
...♣# #.....###
###.P..#
##...Y..#######.Y..P..
##§§§Y......P..##P.##
##...........## ##
#######...P## ######


You could see a catoblepas.

Vanquished Creatures
  2 catoblepae
  3 hydras
  3 two-headed ogres
  7 death yaks
  A lindwurm (Lair:5)
  16 elephants
  2 black mambas
  A merfolk siren (Lair:3)
  A torpor snail (Lair:2)
  12 cane toads
  Psyche (D:9)
  6 komodo dragons
  2 rime drakes
  3 polar bears
  A hornet (D:10)
  15 blink frogs
  Prince Ribbit (D:6)
  A slime creature (Lair:3)
  2 shadows (D:10)
  6 wyverns
  A wraith (D:8)
  4 basilisks
  53 yaks
  A steam dragon (Lair:3)
  Grum (D:9)
  2 acid dragons
  2 nagas (Lair:3)
  14 water moccasins
  4 ice beasts
  2 sky beasts
  5 orc warriors
  4 black bears
  An ogre (D:4)
  2 centaurs
  17 wolves
  2 phantoms (D:5)
  13 bullfrogs
  A kobold brigand (D:9)
  A gnoll sergeant (D:8)
  3 scorpions
  5 necrophages
  8 wights
  6 killer bees (D:7)
  7 howler monkeys
  5 electric eels
  4 hounds
  A gnoll bouda (D:8)
  2 orc priests (D:9)
  12 jellies
  6 iguanas
  5 orc wizards
  A hound skeleton (D:8)
  17 gnolls
  3 adders
  A shadow imp (D:7)
  A white imp (D:5)
  2 ufetubi
  3 worms
  A dart slug (D:3)
  17 orcs
  6 bats
  31 endoplasms
  15 giant cockroaches
  6 goblins
  8 hobgoblins
  5 jackals
  13 kobolds
  4 quokkas
  8 ball pythons
  7 frilled lizards
  2 rats
  A spectral kobold (D:7)
  A butterfly (Lair:4)
433 creatures vanquished.

Vanquished Creatures (others)
  A yak (Lair:5)
  39 fungi
  55 plants
95 creatures vanquished.

Grand Total: 528 creatures vanquished

Notes
Turn   | Place    | Note
-------+----------+-------------------------------------------
     0 | D:1      | junb the Octopode Transmuter began the quest for the Orb.
     0 | D:1      | Reached XP level 1. HP: 13/13 MP: 3/3
   203 | D:1      | Reached XP level 2. HP: 13/18 MP: 3/5
   232 | D:1      | Found a faded altar of an unknown god.
   448 | D:1      | Reached XP level 3. HP: 11/23 MP: 4/6
   662 | D:1      | Found Usoecvan's Antique Armour Boutique.
   723 | D:1      | Found Cuytitex's Weapon Shop.
   968 | D:2      | Reached skill level 1 in Stealth
   977 | D:2      | Learned a level 3 spell: Spider Form
   987 | D:2      | Noticed a scorpion
  1016 | D:2      | Killed a scorpion
  1017 | D:2      | Reached XP level 4. HP: 18/28 MP: 7/7
  1402 | D:2      | Found Weuv's Assorted Antiques.
  1459 | D:2      | Reached XP level 5. HP: 33/33 MP: 6/8
  1549 | D:2      | Reached skill level 3 in Transmutations
  2381 | D:4      | Found Juggyumi's Distillery.
  2436 | D:4      | Found Xochud's Magic Scroll Emporium.
  2442 | D:4      | Bought a scroll of identify for 22 gold pieces
  2476 | D:4      | Bought a potion of mutation for 112 gold pieces
  2477 | D:4      | Gained mutation: You passively dampen the noise of your
                  | surroundings. [potion of mutation]
  2477 | D:4      | Gained mutation: You are weak. (Str -2) [potion of
                  | mutation]
  2478 | D:4      | Lost mutation: You are weak. (Str -2) [potion of mutation]
  2478 | D:4      | Lost mutation: You passively dampen the noise of your
                  | surroundings. [potion of mutation]
  2478 | D:4      | Gained mutation: You are covered in fur. (AC +1) [potion of
                  | mutation]
  2478 | D:4      | Gained mutation: You are weak. (Str -2) [potion of
                  | mutation]
  2478 | D:4      | Gained mutation: You are partially covered in iridescent
                  | scales. (AC +2) [potion of mutation]
  2518 | D:4      | Identified the ring "Yppemon" {MP+9 Str-5 Int+6 Dex+8}
  2550 | D:4      | Noticed an ogre
  2560 | D:4      | Killed an ogre
  2561 | D:4      | Reached XP level 6. HP: 16/38 MP: 9/9
  2880 | D:4      | Reached XP level 7. HP: 43/43 MP: 8/10
  3236 | D:5      | Entered Level 5 of the Dungeon
  3236 | D:5      | Found a transporter.
  3392 | D:5      | Found a transporter.
  3659 | D:5      | Reached XP level 8. HP: 25/51 MP: 11/14
  4431 | D:5      | Reached skill level 5 in Shields
  4623 | D:6      | Found a staircase to the Ecumenical Temple.
  4632 | D:6      | Identified the ring of Loen {Will+ rCorr}
  4653 | Temple   | Entered the Ecumenical Temple
  4665 | Temple   | Became a worshipper of Dithmenos the Shadowed
  4822 | D:6      | You fall into a shaft and drop 1 floor!
  5042 | D:6      | Learned a level 4 spell: Ice Form
  5059 | D:6      | Noticed Prince Ribbit
  5069 | D:6      | Killed Prince Ribbit
  5134 | D:6      | Reached skill level 5 in Fighting
  5527 | D:6      | Reached XP level 9. HP: 27/61 MP: 16/16
  5963 | D:7      | Reached skill level 4 in Transmutations
  6006 | D:7      | Reached skill level 5 in Dodging
  6108 | D:7      | Reached skill level 5 in Transmutations
  6167 | D:7      | Reached * piety under Dithmenos
  6265 | D:7      | Found a hazy altar of Hepliaklqana.
  6438 | D:7      | Found an iron altar of Okawaru.
  6874 | D:7      | Reached skill level 6 in Transmutations
  7445 | D:1      | Bought the +2 short sword of Mourning {freeze, Will- Int+7}
                  | for 329 gold pieces
  7659 | D:8      | Reached skill level 5 in Spellcasting
  7659 | D:8      | Reached skill level 1 in Ice Magic
  7659 | D:8      | Reached XP level 10. HP: 20/66 MP: 17/17
  7938 | D:8      | Found a burning altar of Makhleb.
  8037 | D:8      | Reached skill level 5 in Unarmed Combat
  8467 | D:8      | Found a hide-covered altar of Uskayaw.
  8549 | D:8      | Reached ** piety under Dithmenos
  9170 | D:9      | Noticed Grum
  9193 | D:9      | Noticed an elephant
  9605 | D:9      | Reached skill level 5 in Ice Magic
  9622 | D:9      | Killed Grum
  9929 | D:9      | Noticed Psyche
  9997 | D:9      | Noticed a two-headed ogre
 10012 | D:9      | Killed a two-headed ogre
 10013 | D:9      | Reached XP level 11. HP: 27/74 MP: 14/19
 10221 | D:9      | Noticed a two-headed ogre
 10568 | D:9      | Found a staircase to the Lair.
 10593 | D:9      | Killed Psyche
 10744 | D:9      | Found a snail-covered altar of Cheibriados.
 10979 | D:9      | Learned a level 3 spell: Hailstorm
 10989 | D:9      | Killed a two-headed ogre
 11131 | Lair:1   | Entered Level 1 of the Lair of Beasts
 11276 | Lair:1   | Reached skill level 7 in Transmutations
 11864 | Lair:1   | Noticed a catoblepas
 11983 | Lair:2   | Reached skill level 8 in Transmutations
 11994 | Lair:2   | Reached *** piety under Dithmenos
 12547 | D:10     | Entered Level 10 of the Dungeon
 12552 | D:10     | Found the +4 skin of Zhor {*Englaciate rC+++ SInv}
 12603 | D:10     | Found a transporter.
 12607 | D:10     | Found a transporter.
 12610 | D:10     | Noticed kae's ghost (novice DsTm)
 12611 | D:10     | Found a bloodstained altar of Trog.
 12615 | D:10     | Noticed a tengu warrior
 12798 | D:10     | Found Wiudus's Armour Shop.
 12813 | D:10     | Found a staircase to the Orcish Mines.
 12934 | D:10     | Reached XP level 12. HP: 82/82 MP: 16/20
 12965 | D:10     | Noticed a two-headed ogre
 13015 | D:10     | Killed a two-headed ogre
 13167 | D:10     | Noticed a death yak
 13461 | D:10     | Noticed Urug
 14224 | Lair:1   | Killed a catoblepas
 14712 | Lair:2   | Noticed a death yak
 14715 | Lair:2   | Noticed a death yak
 14963 | Lair:2   | Reached skill level 9 in Transmutations
 15128 | Lair:2   | Killed a death yak
 15139 | Lair:2   | Killed a death yak
 16002 | Lair:3   | Noticed a seven-headed hydra
 16075 | Lair:2   | Reached skill level 10 in Transmutations
 16266 | Lair:3   | Reached **** piety under Dithmenos
 16323 | Lair:3   | Reached XP level 13. HP: 90/90 MP: 18/21
 16427 | Lair:3   | Reached skill level 10 in Unarmed Combat
 16504 | Lair:3   | Noticed Nessos
 16913 | Lair:3   | Reached skill level 10 in Fighting
 17276 | Lair:3   | Found a staircase to the Snake Pit.
 17337 | Lair:3   | Found a staircase to the Shoals.
 17498 | Lair:4   | Reached skill level 1 in Evocations
 17590 | Lair:4   | Identified the +6 short sword "Pyreivu" {elec, rC+ rCorr
                  | Str-4 Stlth+}
 18038 | Lair:4   | Reached ***** piety under Dithmenos
 18986 | Lair:5   | Entered Level 5 of the Lair of Beasts
 18994 | Lair:5   | Found a staircase to the Slime Pits.
 19385 | Lair:5   | Reached skill level 10 in Dodging
 19502 | Lair:5   | Reached XP level 14. HP: 99/99 MP: 21/25
 19755 | Lair:5   | Found a glowing golden altar of the Shining One.
 19863 | Lair:5   | Reached skill level 11 in Transmutations
 20779 | Lair:5   | Slain by a catoblepas

Illustrated notes

Levels and vault maps discovered:
D:1:      minmay_arrival_shattered_statue, layout_loops_ring,
          basic_ecumenical_altar, serial_shops,
          nicolae_shop_bloodbath_and_beyond, shop, dreamdust_mushroom_princess,
          st_stairs_11, minmay_crystal_water
D:2:      minmay_roachtagon, layout_basic, serial_shops, shop
D:3:      layout_loops_cross, minmay_misc_feat_enclosed,
          kennysheep_generic_room_4
D:4:      layout_loops_ring, serial_shops, nicolae_shop_crystal,
          nicolae_shop_statue_plus, st_stairs_5
D:5:      gammafunk_steamed_eel, layout_rooms, chequers_serial_rivers_room_b,
          chequers_serial_rivers_room_a, chequers_serial_rivers_micro_b
D:6:      layout_basic, minmay_temple_entry_slanted,
          nicolae_concentric_dashed_squares_mild, uniq_prince_ribbit1
D:7:      layout_basic, mainiacjoe_overflow_paths,
          nicolae_hepliaklqana_monster_ancestors
D:8:      layout_cave_pods, mainiacjoe_overflow_concentric_impassable,
          makhleb_blood_cavern_becter, minmay_lizard_king
D:9:      layout_rooms, slow_altar_2, david_lair_generic, uniq_grum, uniq_psyche
D:10:     argonaut_augean_stables, layout_irregular_city, orc_david_3,
          gammafunk_ghost_wrathful_warriors, hellmonk_guarded_unrand_zhor,
          uniq_urug
Temple:   nicolae_temple_bog_church
Lair:1:   layout_loops_ring, lemuel_fruit_tree, grunt_megastairs_1,
          lemuel_fruit_fields, infiniplex_staircase_pool
Lair:2:   layout_roguey, serial_bayou_pond_c, minivault_25,
          chequers_serial_rivers_micro_b, infiniplex_staircase_pool_2,
          grunt_megastairs_5, serial_bayou_shore_b
Lair:3:   lemuel_slime, layout_misc_corridors,
          minmay_shoals_entry_lonely_mermaid, guppyfry_snake_entry_island,
          serial_bayou_pond_b, minmay_lindwurm_lava, uniq_nessos
Lair:4:   layout_roguey, grunt_megastairs_4, serial_bayou_shore_a,
          lemuel_fruit_fields
Lair:5:   grunt_lair_end_beastmaster, layout_loops_ring,
          nicolae_slime_entry_slimehenge, basic_altar

Skill      XL: |  1  2  3  4  5  6  7  8  9 10 11 12 13 14 |
---------------+-------------------------------------------+-----
Unarmed Combat | 4 8 9 10 | 10.9
Stealth        | 1 |  1.0
Poison Magic   | 2 3 |  3.4
Transmutations | 3 6 8 10 11 | 11.6
Shields        | 2 4 5 |  5.1
Spellcasting   | 4 5 7 |  7.4
Fighting       | 2 5 6 7 9 10 | 10.3
Dodging        | 3 6 7 8 10 | 10.1
Ice Magic      | 1 5 7 |  7.6
Evocations     | 4 |  4.4

Action                   |  1- 3 |  4- 6 |  7- 9 | 10-12 | 13-15 || total
-------------------------+-------+-------+-------+-------+-------++-------
Melee: Unarmed           |    63 |    87 |   244 |   406 |   429 ||  1229
       Tentacles         |    10 |    20 |    92 |    28 |     2 ||   152
       Kick              |    12 |    33 |   106 |    57 |       ||   208
       Constrict         |    15 |    24 |    54 |    17 |     1 ||   111
       Punch             |     2 |     2 |    19 |     9 |       ||    32
       Short sword       |       |       |    14 |   122 |     4 ||   140
 Cast: Beastly Appendage |    16 |    23 |    63 |    23 |       ||   125
       Ice Form          |       |       |       |    68 |    57 ||   125
       Hailstorm         |       |       |       |    12 |       ||    12
Evoke: Wand              |       |     1 |     6 |     4 |     7 ||    18
  Use: Scroll            |       |     4 |     7 |    10 |       ||    21
       Potion            |       |     2 |     8 |     5 |     3 ||    18
 Stab: Sleeping          |    10 |     6 |     4 |     1 |       ||    21
       Paralysed         |       |     2 |     3 |       |       ||     5
Armor: Skin              |     5 |     7 |    25 |    75 |    72 ||   184
Dodge: Dodged            |    22 |    46 |   146 |   279 |   241 ||   734
Block: Buckler           |       |     2 |    64 |    29 |     4 ||    99
       Other             |       |       |       |    30 |    74 ||   104

Table legend: (Time is in decaauts)
 A = Elapsed time spent in this place.
 B = Non-inter-level travel time spent in this place.
 C = Inter-level travel time spent in this place.
 D = Time resting spent in this place.
 E = Time spent auto-exploring this place.
 F = Levels seen in this place.
 G = Mean time per level.
                   A        B        C        D        E       F      G
               +--------+--------+--------+--------+--------+-----+--------+
         Total |  20702 |  19524 |   1178 |   5516 |   9171 |  16 | 1293.9 |
       Dungeon |  12792 |  11953 |    839 |   3138 |   5741 |  10 | 1279.2 |
        Temple |     22 |     18 |      4 |      0 |      4 |   1 |   22.0 |
          Lair |   7886 |   7551 |    335 |   2378 |   3426 |   5 | 1577.2 |
               +--------+--------+--------+--------+--------+-----+--------+

Top non-repeatable levels by time:
     D:8: 2200 daAuts
  Lair:5: 1757 daAuts
  Lair:2: 1737 daAuts
     D:7: 1629 daAuts
  Lair:1: 1623 daAuts
    D:10: 1593 daAuts
  Lair:4: 1504 daAuts
     D:9: 1431 daAuts
     D:5: 1326 daAuts
  Lair:3: 1263 daAuts
     D:6: 1116 daAuts
     D:4: 999 daAuts
     D:1: 977 daAuts
     D:3: 774 daAuts
     D:2: 743 daAuts
